 Dungeon Crawl Stone Soup version 0.29-a0-700-g2f1814c7b2 (webtiles) character file.

Game seed: 15723937321408369336

30 Patoropollo the Covered (level 2, -1/26 HPs)
             Began as a Demigod Fighter on June 25, 2022.
             Slain by a gnoll
             ... wielding a +0 flail
              (2 damage)
             ... on level 2 of the Dungeon.
             The game lasted 00:01:37 (1129 turns).

Patoropollo the Covered (Demigod Fighter)           Turns: 1129, Time: 00:01:37

Health: -1/26      AC:  7    Str: 17    XL:     2   Next: 84%
Magic:  4/4        EV:  9    Int: 10    God:
Gold:   28         SH:  4    Dex: 13    Spells: 1/1 levels left

rFire   . . .      SeeInvis .   a - +0 flail
rCold   . . .      Faith    .   c - +0 buckler
rNeg    . . .      Spirit   .   b - +0 scale mail
rPois   .          Reflect  .   i - +0 helmet
rElec   .          Harm     .   (no cloak)
rCorr   .          Rampage  .   (no gloves)
Will    .....                   (no boots)
Stlth   ..........              (no amulet)
HPRegen 0.08/turn               (no ring)
MPRegen 0.09/turn               (no ring)

@: no status effects
A: high MP 1, forlorn, divine attributes
a: no special abilities


You were on level 2 of the Dungeon.
You visited 1 branch of the dungeon, and saw 2 of its levels.

You collected 28 gold pieces.

Inventory:

Hand Weapons
 a - a +0 flail (weapon)
Armour
 b - a +0 scale mail (worn)
 c - a +0 buckler (worn)
 i - a +0 helmet (worn)
Jewellery
 f - a +6 ring of intelligence
Scrolls
 e - a scroll of enchant armour {unknown}
 g - a scroll of noise {unknown}
Potions
 d - a potion of might
 h - a potion of heal wounds {unknown}
 j - a potion of attraction {unknown}


   Skills:
 + Level 3.0 Fighting
 + Level 2.1 Maces & Flails
 + Level 3.0 Armour
 + Level 3.0 Shields


You had one spell level left.
You didn't know any spells.
Your spell library was empty.

Dungeon Overview and Level Annotations

Branches:
Dungeon (2/15)


Innate Abilities, Weirdness & Mutations

You have an increased reservoir of magic. (+10% MP)
You shall have no god before yourself.
Your divine heritage dramatically boosts your attributes as you level up.


Message History

The gnoll shouts!
You hear a shout!
A gnoll comes into view. It is wielding a +0 club.
There are monsters nearby!
The gnoll shouts!
You closely miss the gnoll. The gnoll hits you with a +0 club.
The gnoll barely misses you.
A gnoll comes into view. It is wielding a +0 flail.
You hit the gnoll but do no damage. The gnoll hits you with a +0 club. x4
You closely miss the gnoll. The gnoll hits you with a +0 club.
The gnoll barely misses you.
You are too injured to fight recklessly!
You are too injured to fight recklessly!
The gnoll attacks as you move away! The gnoll barely misses you.
The gnoll hits you but does no damage. The gnoll attacks as you move away!
The gnoll hits you with a +0 club. The gnoll attacks as you move away!
The gnoll hits you with a +0 club!
* * * LOW HITPOINT WARNING * * *
You closely miss the gnoll. The gnoll barely misses you.
You hit the gnoll but do no damage. You block the gnoll's attack.
You closely miss the gnoll. You hit the gnoll.
The gnoll is lightly wounded.
The gnoll hits you but does no damage. The gnoll barely misses you.
You hit the gnoll.
The gnoll is moderately wounded.
You block the gnoll's attack.
You hit the gnoll.
The gnoll is moderately wounded.
The gnoll closely misses you.
A gnoll comes into view. It is wielding a +0 spear.
The gnoll shouts!
You hit the gnoll.
The gnoll is severely wounded.
The gnoll hits you with a +0 flail.
* * * LOW HITPOINT WARNING * * *
The gnoll hits you but does no damage.
You hit the gnoll.
The gnoll is severely wounded.
The gnoll hits you with a +0 flail.
You die...

#.......#..#....
........#..######
................##
..........[.......
.......##g.######
....>.. #.g#
....... #..#
......g
#.g######.##
.......
#.ggg@.....#
######.
#..######.## ..
#..# #... #..#
#..# ...# #..


You could see 4 gnolls.

Vanquished Creatures
  A dart slug (D:1)
  3 endoplasms
  2 giant cockroaches (D:1)
  A goblin (D:1)
  5 hobgoblins
  A quokka (D:1)
  3 ball pythons
  A bat (D:1)
  5 frilled lizards
  4 kobolds
  A rat (D:1)
27 creatures vanquished.

Notes
Turn   | Place    | Note
-------+----------+-------------------------------------------
     0 | D:1      | Patoropollo the Demigod Fighter began the quest for the
                  | Orb.
     0 | D:1      | Reached XP level 1. HP: 18/18 MP: 3/3
   393 | D:1      | Reached XP level 2. HP: 20/25 MP: 4/4
  1128 | D:2      | HP: 1/26 [gnoll/+0 flail (5)]
  1129 | D:2      | Slain by a gnoll

Illustrated notes

Levels and vault maps discovered:
D:1:      eino_arrival_cavern_a, layout_loops_cross
D:2:      layout_basic, shapermc_ecumenical_altar_starsandcircs

Skill      XL: |  1  2 |
---------------+-------+-----
Maces & Flails | 2 |  2.1
Armour         | 3 |  3.0
Fighting       | 3 |  3.0
Shields        | 3 |  3.0

Action                   || total
-------------------------++-------
Melee: Flail             ||    89
Armor: Scale mail        ||    40
Dodge: Dodged            ||    37
Block: Buckler           ||    21

Table legend: (Time is in decaauts)
 A = Elapsed time spent in this place.
 B = Non-inter-level travel time spent in this place.
 C = Inter-level travel time spent in this place.
 D = Time resting spent in this place.
 E = Time spent auto-exploring this place.
 F = Levels seen in this place.
 G = Mean time per level.
                   A        B        C        D        E       F      G
               +--------+--------+--------+--------+--------+-----+--------+
         Total |   1158 |   1145 |     13 |      0 |    907 |   2 |  579.0 |
       Dungeon |   1158 |   1145 |     13 |      0 |    907 |   2 |  579.0 |
               +--------+--------+--------+--------+--------+-----+--------+

Top non-repeatable levels by time:
     D:1: 991 daAuts
     D:2: 166 daAuts
